 Dungeon Crawl Stone Soup version 0.27.1-16-g815e20cd7a (webtiles) character file.

Game seed: 15285649712102434203

275 H0rd4k the Charlatan (level 6, -1/46 HPs)
             Began as a Human Artificer on Nov 23, 2021.
             Slain by a bullfrog skeleton (4 damage)
             ... on level 6 of the Dungeon.
             The game lasted 00:03:52 (2700 turns).

H0rd4k the Charlatan (Human Artificer)              Turns: 2700, Time: 00:03:53

Health: -1/46      AC:  3    Str: 13    XL:     6   Next: 49%
Magic:  6/6        EV: 12    Int: 13    God:
Gold:   68         SH:  0    Dex: 13    Spells: 5/5 levels left

rFire    . . .     SeeInvis .   g - +0 short sword
rCold    . . .     Faith    .   (no shield)
rNeg     . . .     Spirit   .   b - +0 leather armour
rPois    .         Reflect  .   (no helmet)
rElec    .         Harm     .   (no cloak)
rCorr    .         Rampage  .   (no gloves)
Will     .....                  (no boots)
Stlth    +.........             (no amulet)
HPRegen  0.15/turn              (no ring)
MPRegen  0.10/turn              (no ring)

@: no status effects
A: no striking features
a: no special abilities


You were on level 6 of the Dungeon.
You visited 1 branch of the dungeon, and saw 4 of its levels.

You collected 68 gold pieces.

Inventory:

Hand Weapons
 g - a +0 short sword (weapon)
Armour
 b - a +0 leather armour (worn)
Wands
 c - a wand of flame (3) (quivered)
 d - a wand of charming (1)
Scrolls
 a - a scroll of holy word {unknown}
 f - 2 scrolls of blinking {unknown}
 h - a scroll of noise {unknown}
 m - 2 scrolls of enchant armour {unknown}
 n - a scroll of acquirement {unknown}
Potions
 i - a potion of degeneration {unknown}
 j - a potion of heal wounds {unknown}
 k - a potion of lignification {unknown}
 l - a potion of brilliance {unknown}
 o - a potion of mutation {unknown}
Miscellaneous
 e - a piece from Xom's chessboard (15/15)


   Skills:
 + Level 2.4 Fighting
 + Level 3.4 Short Blades
 - Level 2.0 Armour
 + Level 2.6 Dodging
 - Level 1.0 Stealth
 + Level 4.3 Evocations


You had 5 spell levels left.
You didn't know any spells.
Your spell library was empty.

Dungeon Overview and Level Annotations

Branches:
Dungeon (3/15)

Altars:

Shops:
D:1 !


Message History

The scorpion poisons your white imp! The adder bites you.
* * * LOW HITPOINT WARNING * * *
Aiming: Charm
Press: ? - help, Shift-Dir - straight line, f - adder, p - white imp
Aim: an adder (chance to affect: 67%)
The adder is charmed.
The scorpion stings your white imp but does no damage.
Your white imp gestures at the scorpion.
The puff of frost hits the scorpion!
What are your orders? t - Shout!
Orders for allies: a - Attack new target. p - Attack previous target. r - Retreat! s - Stop attacking. g - Guard the area. f - Follow me.
Anything else - Cancel.
Guard this area!
Your white imp dies!
The scorpion stings your adder!
Your adder is poisoned.
The scorpion poisons your adder! The scorpion closely misses your adder.
Your adder bites the scorpion but does no damage.
Your adder bites the scorpion but does no damage.
The scorpion barely misses your adder.
Found 9 poisoned darts.
Your adder bites the scorpion but does no damage.
The scorpion barely misses your adder.
Your adder bites the scorpion but does no damage.
The scorpion stings your adder!
Your adder dies!
You feel a bit more experienced.
Found 15 gold pieces.
You feel a bit more experienced.
Found a stone staircase leading up.
A water moccasin and a skeleton come into view.
Found 11 gold pieces.
The water moccasin hisses angrily.
Found 19 stones.
The water moccasin bites you.
* * * LOW HITPOINT WARNING * * *
The bullfrog skeleton hits you.
You die...

....# .....# .....#
.....#
################.....#
#....................#
#......@.............#
#...<...ZS###........#
#........##..........+
#####....#$...#......#
#..#..$(#....#......#
#....####...##......##
#...##...####.........
#...#....#(...#.......
#...#...(#....#.?......


You could see a water moccasin and a bullfrog skeleton.

Vanquished Creatures
  Sigmund (D:2)
  An adder (D:2)
  An ufetubus (D:6)
  5 dart slugs
  4 bats
  4 endoplasms
  4 giant cockroaches
  A goblin (D:2)
  4 hobgoblins
  2 jackals (D:1)
  4 kobolds
  4 quokkas
  4 ball pythons
  A frilled lizard (D:2)
  2 rats (D:1)
42 creatures vanquished.

Vanquished Creatures (collateral kills)
  A phantom (D:6)
  A scorpion (D:6)
  A bullfrog (D:6)
  A centaur skeleton (D:6)
4 creatures vanquished.

Vanquished Creatures (others)
  A hound (D:2)
  A killer bee zombie (D:6)
  An adder (D:6)
  2 white imps (D:6)
5 creatures vanquished.

Grand Total: 51 creatures vanquished

Notes
Turn   | Place    | Note
-------+----------+-------------------------------------------
     0 | D:1      | H0rd4k the Human Artificer began the quest for the Orb.
     0 | D:1      | Reached XP level 1. HP: 15/15 MP: 1/1
   437 | D:1      | Reached XP level 2. HP: 15/21 MP: 2/2
   739 | D:1      | Found Kibacet's Distillery.
   888 | D:1      | Reached skill level 1 in Short Blades
   888 | D:1      | Reached XP level 3. HP: 21/26 MP: 3/3
  1595 | D:2      | Noticed Sigmund
  1631 | D:2      | Killed Sigmund
  1632 | D:2      | Reached skill level 4 in Evocations
  1632 | D:2      | Reached XP level 4. HP: 5/33 MP: 4/4
  1632 | D:2      | Reached XP level 5. HP: 5/38 MP: 5/5
  2602 | D:3      | You fall into a shaft and drop 3 floors!
  2604 | D:6      | Noticed a bullfrog
  2612 | D:6      | Noticed a phantom
  2660 | D:6      | Noticed a steam dragon
  2666 | D:6      | Killed a phantom
  2667 | D:6      | Reached XP level 6. HP: 15/44 MP: 6/6
  2697 | D:6      | Noticed a water moccasin
  2700 | D:6      | Slain by a bullfrog skeleton

Illustrated notes

Levels and vault maps discovered:
D:1:      wander_arrival_fairy_ring, layout_loops_ring, serial_shops,
          shop_statue
D:2:      layout_rooms, uniq_sigmund
D:3:      layout_basic, minmay_misc_feat_columns, uniq_robin,
          uniq_crazy_yiuf_cottage
D:6:      layout_gridville, temple_fountains, st_stairs_4, minmay_bent

Skill      XL: |  1  2  3  4  5 |
---------------+----------------+-----
Short Blades   | 1 2 3 |  3.4
Evocations     | 4 |  4.3
Dodging        | 2 |  2.6
Fighting       | 2 |  2.4
Armour         | |  2.0
Stealth        | |  1.0

Action                   |  1- 3 |  4- 6 || total
-------------------------+-------+-------++-------
Melee: Club              |    16 |       ||    16
       Short sword       |    97 |    75 ||   172
Evoke: Wand              |    13 |    13 ||    26
 Stab: Sleeping          |     2 |     2 ||     4
Armor: Leather armour    |    30 |    20 ||    50
Dodge: Dodged            |    88 |    71 ||   159
